Map: 파라 사이트 - 래더

Players

aLive

  • Race: Terran Terran
  • League: Grandmaster
  • Spawn Location: 11:00

TYTY (TY) - Winner!

  • Race: Terran Terran
  • League: Master
  • Spawn Location: 5:00

Event: IEM Season 13 - Katowice Server Qualifiers Asia 1

VOD

Have the link to the VOD?

Description

Time

  • Played on: Jan. 14, 2019, 4:29 a.m.
  • Length: 4:48

All games in this series

Show
View Real Time Build Order
Export as new Build Order

aLive Terran 

Build Orders: Gas First Reaper Expand 

Get SALT Encoding   

  12  0:00  SCV  
  13  0:12  SCV  
  14  0:17  Supply Depot  
  14  0:24  SCV  
  15  0:29  Refinery  
  15  0:38  SCV  
  16  0:44  Barracks  
  16  0:51  SCV  
  17  1:03  SCV  
  18  1:15  SCV  
  19  1:30  Reaper, Orbital Command  
  20  1:41  Command Center  
  20  1:51  Factory  
  20  1:56  SCV  
  21  2:01  Refinery  
  21  2:08  Barracks Reactor, SCV  
  22  2:12  Supply Depot  
  22  2:20  SCV  
  22  2:32  SCV  
  20  2:44  Marine x2  
  20  2:50  SCV  
  20  2:55  Hellion  
  20  3:02  SCV  
  20  3:03  Marine x2  
  20  3:14  SCV  
  20  3:17  Hellion  
  22  3:22  Marine x2  
  22  3:26  SCV  
  19  3:38  Hellion  
  19  3:40  Marine  
  19  3:41  Marine  
  22  3:48  SCV  
  21  3:52  Orbital Command  
  21  4:03  SCV  
  21  4:08  Hellion x2  
  26  4:12  Orbital Command  
  26  4:15  SCV  
  27  4:30  SCV  
Show
View Real Time Build Order
Export as new Build Order

TYTY Terran - Winner!

Build Orders:  

Get SALT Encoding   

  12  0:01  SCV  
  13  0:13  SCV  
  14  0:18  Supply Depot  
  14  0:41  Barracks  
  14  0:42  Refinery  
  14  0:54  Barracks  
  14  0:57  SCV  
  15  1:09  SCV  
  17  1:28  Reaper, Orbital Command  
  17  1:31  Refinery  
  17  1:42  Reaper  
  18  1:53  SCV  
  19  2:00  Supply Depot  
  19  2:01  Reaper  
  20  2:06  SCV  
  21  2:14  Reaper  
  22  2:18  SCV  
  23  2:33  Factory  
  23  2:43  Reaper  
  24  2:45  SCV  
  25  2:56  Reaper  
  25  2:57  SCV  
  27  2:58  Supply Depot  
  27  3:09  SCV  
  28  3:15  Reaper  
  28  3:28  Reaper  
  28  3:31  Factory Tech Lab, SCV  
  29  3:36  Command Center  
  28  3:44  SCV  
  28  3:47  Reaper  
  29  3:52  Cyclone  
  32  3:56  SCV  
  32  4:00  Reaper  
  34  4:09  SCV, Supply Depot  
  35  4:22  SCV  

Tags
 
Add a new tag
Caveats
  • Supply blocks, unpowered buildings, or Contaminate may cause inaccurate times.
  • Supply counts are checked every 10 seconds.